 Dungeon Crawl Stone Soup version 0.30-a0-169-g06f667207d (webtiles) character file.

Game seed: 4992142743279614278

158 qw the Chopper (level 5, -5/32 HPs)
             Began as a Gargoyle Fighter on Sept 30, 2022.
             Slain by an iguana (8 damage)
             ... on level 4 of the Dungeon.
             The game lasted 00:01:19 (3666 turns).

qw the Chopper (Gargoyle Fighter)                   Turns: 3666, Time: 00:01:20

Health: -5/32      AC: 13    Str: 21    XL:     5   Next: 39%
Magic:  5/5        EV:  7    Int:  9    God:
Gold:   4          SH:  4    Dex:  9    Spells: 4/4 levels left

rFire   . . .      SeeInvis .    Y - +0 war axe
rCold   + . .      Faith    .    c - +0 buckler
rNeg    + . .      Spirit   .    l - +0 chain mail
rPois   inf        Reflect  .    (no helmet)
rElec   +          Harm     .    (no cloak)
rCorr   .          Rampage  .    (no gloves)
Will    .....                    (no boots)
Stlth   ..........               (no amulet)
HPRegen 0.10/turn                g - ring of protection from cold
MPRegen 0.09/turn                (no ring)

@: no status effects
A: sickness immunity, AC +4, negative energy resistance 1, electricity
resistance, torment resistance 1, petrification resistance
a: no special abilities


You were on level 4 of the Dungeon.
You visited 1 branch of the dungeon, and saw 4 of its levels.

You collected 190 gold pieces.
You spent 186 gold pieces at shops.


Innate Abilities, Weirdness & Mutations

You are immune to sickness and miasma.
Your stone body is resilient. (AC +4)
You are immune to poison.
You resist negative energy. (rN+)
You are resistant to electric shocks. (rElec)
You are resistant to unholy torment.
You are immune to petrification.


   Skills:
 - Level 3.2 Fighting
 + Level 4.9 Axes
 - Level 3.2 Armour
 - Level 3.2 Shields


You had 4 spell levels left.
You didn't know any spells.
Your spell library was empty.

Inventory:

Hand Weapons
 b - a +0 flail
 Y - a +0 war axe (weapon)
Armour
 c - a +0 buckler (worn)
 l - a +0 chain mail (worn)
Jewellery
 g - a ring of protection from cold (left hand)
Scrolls
 f - 3 scrolls of identify
Potions
 a - a potion of attraction
 d - a potion of might
 j - 3 potions of haste

Dungeon Overview and Level Annotations

Branches:
Dungeon (4/15)
 Temple: D:4-7

Altars:
Elyvilon

Shops:
D:1 (   D:3 *

Annotations:
D:3 3 runed translucent doors, qw's ghost, amateur GrFi


Message History

What level of the Dungeon? (default 1, ? - help)
You see here a +3 antimagic trident.
You see here a +0 club.
There is a stone staircase leading down here.
You climb downwards.
Found 6 stones.
There is a stone staircase leading up here.
Existing waypoints: (1) D:2 (2) D:3 Assign waypoint to what number? (0-9, D - delete waypoint) Waypoint 1 re-assigned from D:2 to D:4.
Enter note:
Found a stone staircase leading down.
There is a stone staircase leading down here.
j - 3 potions of haste (gained 1)
Your extra speed is starting to run out.
An ogre and an iguana come into view.
The ogre shouts!
The iguana hisses angrily.
Enter note:
Enter note: You feel yourself slow down.
You hit the iguana.
The iguana is moderately wounded.
The iguana bites you!
You barely miss the iguana.
The iguana is moderately wounded.
The iguana bites you!
You hit the iguana.
The iguana is moderately wounded.
The iguana barely misses you.
You closely miss the iguana.
The iguana is moderately wounded.
You hit the ogre. The iguana bites you. The ogre barely misses you.
You completely miss the iguana.
The iguana is moderately wounded.
You barely miss the ogre. You block the iguana's attack.
The ogre hits you with a +0 giant club! The iguana bites you!
You die...

........... .. #..
...... ..#
#..##....##.#
###..#........
.....#.....####
#...#........###
..##..l#....#.....#
.....!O@........#.####
..##..##.##.##.##....#
...........##..#....#
..###.##.#...........#
. # #.......>.....#
###.####......#
#.####..#####
...(##..# ##.#.##..#


You could see an ogre and an iguana.

Vanquished Creatures
  Ijyb (D:3)
  Terence (D:3)
  2 adders (D:2)
  A worm (D:3)
  A dart slug (D:1)
  3 orcs (D:3)
  5 ball pythons
  8 bats
  9 endoplasms
  5 giant cockroaches
  6 goblins
  6 hobgoblins
  8 jackals
  3 quokkas
  5 frilled lizards
  A kobold (D:2)
  11 rats
76 creatures vanquished.

Notes
Turn   | Place    | Note
-------+----------+-------------------------------------------
     0 | D:1      | qw the Gargoyle Fighter began the quest for the Orb.
     0 | D:1      | Reached XP level 1. HP: 14/14 MP: 1/1
     0 | D:1      | 0 ||| qw: Version: 0.2-a-12-gaebbb33
     0 | D:1      | 0 ||| qw: Game counter: 1395
     0 | D:1      | 0 ||| qw: Always use a shield: true
     0 | D:1      | 0 ||| qw: God list: Okawaru
     0 | D:1      | 0 ||| qw: Allow faded altars: false
     0 | D:1      | 0 ||| qw: Do Orc after D:15 true
     0 | D:1      | 0 ||| qw: Do second Lair branch before Depths: true
     0 | D:1      | 0 ||| qw: Lair rune preference: random
     0 | D:1      | 0 ||| qw: Plans: Normal, Zot:1-4, God:TSO, Crypt, Tomb,
                  | Pan, Slime:5, Hells, Abyss, Orb
     0 | D:1      | 0 ||| PLANNING D:1-11
    65 | D:1      | Found a faded altar of an unknown god.
    67 | D:1      | 67 ||| Stepping ~*~*~tactically~*~*~ (stealth).
    68 | D:1      | 68 ||| Stepping ~*~*~tactically~*~*~ (stealth).
    70 | D:1      | 70 ||| Stepping ~*~*~tactically~*~*~ (stealth).
    76 | D:1      | Reached skill level 2 in Axes
    82 | D:1      | Reached XP level 2. HP: 14/19 MP: 2/2
   545 | D:1      | 545 ||| Stepping ~*~*~tactically~*~*~ (stealth).
   557 | D:1      | Reached skill level 3 in Axes
   688 | D:1      | 688 ||| Stepping ~*~*~tactically~*~*~ (stealth).
   696 | D:1      | Reached XP level 3. HP: 17/23 MP: 3/3
   819 | D:1      | 819 ||| Stepping ~*~*~tactically~*~*~ (hiding).
   821 | D:1      | 821 ||| Stepping ~*~*~tactically~*~*~ (hiding).
   823 | D:1      | 823 ||| Stepping ~*~*~tactically~*~*~ (hiding).
   825 | D:1      | 825 ||| Stepping ~*~*~tactically~*~*~ (hiding).
   949 | D:1      | Found Ekhem's Antique Weapon Shop.
   953 | D:1      | 953 ||| SHOPLISTING scorched morningstar (243 gold, have
                  | 17).
  1244 | D:1      | 1244 ||| UPGRADING to +0 chain mail.
  1254 | D:1      | 1254 ||| DROPPING +0 scale mail.
  1255 | D:1      | 1255 ||| READING 2 scrolls labelled MUFEER OLAOL.
  1256 | D:1      | 1256 ||| READING scroll labelled IHOSORISAG.
  1257 | D:1      | 1257 ||| READING scroll labelled VOCSUX QUTUE.
  1258 | D:1      | 1258 ||| READING scroll labelled MEP RODAORPHE.
  1310 | D:1      | 1310 ||| READING scroll labelled HUMUGU JASEF.
  1311 | D:1      | 1311 ||| DROPPING scroll of noise.
  1359 | D:2      | 1359 ||| STAIRDANCE
  1374 | D:2      | 1374 ||| STAIRDANCE
  1593 | D:2      | 1593 ||| Stepping ~*~*~tactically~*~*~ (stealth).
  1595 | D:2      | 1595 ||| Stepping ~*~*~tactically~*~*~ (stealth).
  1607 | D:2      | Reached XP level 4. HP: 24/28 MP: 4/4
  1635 | D:2      | 1635 ||| Stepping ~*~*~tactically~*~*~ (stealth).
  1646 | D:2      | 1646 ||| Stepping ~*~*~tactically~*~*~ (stealth).
  1682 | D:2      | 1682 ||| DROPPING +0 club.
  1788 | D:2      | Reached skill level 4 in Axes
  1960 | D:2      | Found a white marble altar of Elyvilon.
  2015 | D:2      | 2015 ||| READING 2 scrolls labelled NIANEATYONG.
  2016 | D:2      | 2016 ||| READING scroll labelled QENO CALAOCK.
  2017 | D:2      | 2017 ||| DRINKING 2 murky black potions.
  2018 | D:2      | 2018 ||| DRINKING 2 bubbling blue potions.
  2123 | D:2      | 2123 ||| DROPPING potion of berserk rage.
  2206 | D:3      | Found a runed translucent gate.
  2293 | D:3      | Found a runed translucent gate.
  2294 | D:3      | Found a runed translucent gate.
  2301 | D:3      | Noticed qw's ghost (amateur GrFi)
  2324 | D:3      | Noticed Ijyb
  2375 | D:3      | Killed Ijyb
  2376 | D:3      | Reached XP level 5. HP: 18/32 MP: 5/5
  2619 | D:3      | Noticed Terence
  2632 | D:3      | Killed Terence
  2836 | D:3      | 2836 ||| DROPPING +0 whip.
  3265 | D:3      | Found Bamp's Assorted Antiques.
  3270 | D:3      | 3270 ||| BUYING bronze ring (135 gold).
  3270 | D:3      | Bought a bronze ring for 135 gold pieces
  3270 | D:3      | 3270 ||| BUYING fizzy clear potion (24 gold).
  3270 | D:3      | Bought a fizzy clear potion for 24 gold pieces
  3270 | D:3      | 3270 ||| BUYING scroll labelled ZEAKYD XAISHU (27 gold).
  3270 | D:3      | Bought a scroll labelled ZEAKYD XAISHU for 27 gold pieces
  3608 | D:3      | 3608 ||| UPGRADING to ring of protection from cold.
  3609 | D:3      | 3609 ||| READING 2 scrolls labelled ZEAKYD XAISHU.
  3610 | D:3      | 3610 ||| DRINKING 3 fizzy clear potions.
  3611 | D:3      | 3611 ||| READING 4 scrolls of identify.
  3611 | D:3      | 3611 ||| IDENTIFYING clear potion
  3612 | D:3      | 3612 ||| DROPPING scroll of amnesia.
  3613 | D:3      | 3613 ||| DROPPING potion of magic.
  3659 | D:4      | Noticed an ogre
  3666 | D:4      | HP: 3/32 [ogre/+0 giant club (7)]
  3666 | D:4      | Slain by an iguana

Levels and vault maps discovered:
D:1:      minmay_arrival_split_and_join, layout_basic, basic_ecumenical_altar,
          serial_shops, shop, chequers_mini_garden
D:2:      layout_rooms, basic_altar
D:3:      layout_basic, serial_shops, nicolae_shop_hallway_plus,
          gammafunk_ghost_necromancy, uniq_terence, uniq_ijyb
D:4:      minmay_clustersquares, layout_basic, kennysheep_mini, serial_shops,
          nicolae_shop_waterfront

Skill      XL: |  1  2  3  4 |
---------------+-------------+-----
Axes           | 2 3 4 |  4.9
Fighting       | |  3.2
Armour         | |  3.2
Shields        | |  3.2

Action                   |  1- 3 |  4- 6 || total
-------------------------+-------+-------++-------
Melee: War axe           |   121 |   129 ||   250
  Use: Scroll            |     5 |     4 ||     9
       Potion            |       |     3 ||     3
Armor: Scale mail        |    46 |       ||    46
       Chain mail        |    22 |    95 ||   117
Dodge: Dodged            |    60 |    45 ||   105
Block: Buckler           |    29 |    25 ||    54

Table legend:
 A = Non-vault XP
 B = Vault XP
 C = Vault XP percentage of total XP
 D = Non-vault monster count
 E = Vault monster count
 F = Vault count percentage of total count
                 A         B        C        D         E       F
            +---------+---------+-------+---------+---------+-------
      Total |     154 |      72 |  31.9 |      74 |       2 |   2.6
            +---------+---------+-------+---------+---------+-------
        D:1 |      55 |       0 |   0.0 |      30 |       0 |   0.0
        D:2 |      63 |       0 |   0.0 |      27 |       0 |   0.0
        D:3 |      36 |      72 |  66.7 |      17 |       2 |  10.5
            +---------+---------+-------+---------+---------+-------
